 Dungeon Crawl Stone Soup version 0.26-a0-651-gb41185065b (webtiles) character file.

Game seed: 4412123599549034686

42011418 ipx the Impregnable (level 27, 241/241 (242) HPs)
             Began as a Barachi Brigand on Oct 27, 2020.
             Was the Champion of Makhleb.
             Escaped with the Orb
             ... and 15 runes on Oct 30, 2020!
             The game lasted 11:23:22 (34701 turns).

ipx the Impregnable (Barachi Brigand)              Turns: 34701, Time: 11:23:22

HP:   241/241 (242) AC: 49    Str: 37    XL:     27
MP:   46/46         EV: 37    Int: 15    God:    Makhleb [******]
Gold: 442           SH:  0    Dex: 31    Spells: 26/46 levels left

rFire    + . .     SeeInvis +   b - +9 triple sword (elec)
rCold    + . .     Faith    .   (shield currently unavailable)
rNeg     + + +     Spirit   .   Z - +10 pearl dragon scales
rPois    .         Reflect  .   G - +0 helmet of Dawn {Regen+ Str+2}
rElec    +         Harm     .   N - +2 cloak of the Thief {*Fog Slay-2 SInv Stlth+}
rCorr    .         Rampage  .   S - +5 pair of gloves of Cisuk {*Contam MP+9 Str+4 Dex+10}
MR       ++...                  s - +2 pair of boots
Stlth    +++.......             A - amulet "Kobinopa" {Regen+ Str+5 Int+2 Dex-3}
HPRegen  1.30/turn              E - ring of Due Proportion {rElec rN++ Str+6}
MPRegen  0.30/turn              R - ring "Cidu" {rF+ rC+ Dex+6}

@: slow
A: +LOS, swims, blurry vision 1, mutation resistance 2, screaming 1, slowness 1,
wild magic 1, strong legs 2
0: Orb of Zot
}: 15/15 runes: barnacled, slimy, silver, golden, iron, obsidian, icy, bone,
abyssal, demonic, glowing, magical, fiery, dark, gossamer
a: Hop, Minor Destruction, Lesser Servant of Makhleb, Major Destruction, Greater
Servant of Makhleb, Renounce Religion


You escaped.
You worshipped Makhleb.
Makhleb was exalted by your worship.
You visited 17 branches of the dungeon, and saw 89 of its levels.
You visited Pandemonium 1 time, and saw 25 of its levels.
You visited the Abyss 1 time.
You visited 1 bazaar.
You also visited: Sewer, Ossuary, Ice Cave, Volcano and Desolation.

You collected 8085 gold pieces.
You spent 7643 gold pieces at shops.

Inventory:

Hand Weapons
 a - a +8 triple sword of holy wrath
 b - a +9 triple sword of electrocution (weapon)
 h - the +10 rapier of Success {holy, Dex+2}
   (You found it on level 4 of the Lair of Beasts)

   It has been blessed by the Shining One to cause great damage to the undead
   and demons.
   It affects your dexterity (+2).
Missiles
 o - 23 silver javelins (quivered)
 p - 10 curare-tipped darts
 y - 23 javelins
 B - 15 throwing nets
 Q - 43 boomerangs
Armour
 s - a +2 pair of boots (worn)
 G - the +0 helmet of Dawn (worn) {Regen+ Str+2}
   (You bought it in a shop on level 2 of the Orcish Mines)

   It affects your strength (+2).
   It increases your rate of regeneration.
 N - the +2 cloak of the Thief (worn) {*Fog Slay-2 SInv Stlth+}
   (You bought it in a shop on level 12 of the Dungeon)

   It affects your accuracy and damage with ranged weapons and melee attacks
   (-2).
   It lets you see invisible.
   It makes you more stealthy.
 S - the +5 pair of gloves of Cisuk (worn) {*Contam MP+9 Str+4 Dex+10}
   (You found it on level 4 of the Abyss)

   It affects your strength (+4).
   It affects your dexterity (+10).
   It affects your magic capacity (+9).
   It causes magical contamination when unequipped.
 Z - +10 pearl dragon scales (worn)
Jewellery
 A - the amulet "Kobinopa" (around neck) {Regen+ Str+5 Int+2 Dex-3}
   (You found it in Pandemonium)

   [amulet of regeneration]

   It affects your strength (+5).
   It affects your intelligence (+2).
   It affects your dexterity (-3).
   It increases your rate of regeneration.
 E - the ring of Due Proportion (left hand) {rElec rN++ Str+6}
   (You found it in Pandemonium)

   [ring of strength]

   It affects your strength (+6).
   It insulates you from electricity.
   It greatly protects you from negative energy.
 F - the ring "Zeptio" {rF+ MR++ Str+3}
   (You bought it in a shop on level 4 of the Shoals)

   [ring of protection from fire]

   It affects your strength (+3).
   It protects you from fire.
   It affects your resistance to hostile enchantments.
 L - the ring "Wotes" {+Inv rElec MR+}
   (You found it on level 3 of the Elven Halls)

   [ring of protection from magic]

   It insulates you from electricity.
   It affects your resistance to hostile enchantments.
   It lets you turn invisible.
 P - an uncursed ring of poison resistance
 R - the ring "Cidu" (right hand) {rF+ rC+ Dex+6}
   (You found it in the Desolation of Salt)

   [ring of protection from fire]

   It affects your dexterity (+6).
   It protects you from fire.
   It protects you from cold.
 V - an uncursed ring of see invisible
Wands
 r - a wand of enslavement (9)
 x - a wand of acid (5)
 M - a wand of paralysis (11)
 X - a wand of digging (7)
Scrolls
 f - 5 scrolls of teleportation
 i - 5 scrolls of identify
 j - a scroll of blinking
 k - 16 scrolls of remove curse
 n - 3 scrolls of fear
 D - 2 scrolls of fog
Potions
 c - 4 potions of resistance
 g - 18 potions of curing
 l - a potion of cancellation
 m - 7 potions of mutation
 q - 11 potions of heal wounds
 t - 3 potions of stabbing
 u - 8 potions of brilliance
 v - a potion of magic
 z - 2 potions of might
 O - 3 potions of berserk rage
 W - a potion of haste
 Y - 3 potions of ambrosia
Miscellaneous
 e - a lightning rod (4/4)
 w - a condenser vane (2/2)
 C - a phantom mirror
 H - a phantom mirror
 J - a box of beasts (3/3)
 K - a phantom mirror
 T - a phantom mirror
 U - a tin of tremorstones (3/3)


   Skills:
 - Level 25.0 Fighting
 - Level 4.0(15.7) Short Blades
 - Level 24.0(24.1) Long Blades
 - Level 20.0 Throwing
 + Level 26.5 Armour
 + Level 26.1 Dodging
 - Level 19.0 Stealth
 - Level 10.0 Spellcasting
 - Level 10.0 Hexes
   Level 10.0 Summonings
 - Level 12.0 Translocations
 - Level 14.0 Air Magic
 - Level 8.0 Invocations
 - Level 16.0 Evocations


You had 26 spell levels left.
You knew the following spells:

 Your Spells              Type           Power        Failure   Level
a - Apportation           Tloc           ######       1%          1
b - Lesser Beckoning      Tloc           ######....   1%          3
i - Silence               Hex/Air        ######....   4%          5
j - Portal Projectile     Hex/Tloc       ######       1%          3
k - Blink                 Tloc           N/A          1%          2
p - Passage of Golubria   Tloc           N/A          1%          4
s - Swiftness             Air            ######..     1%          2

Your spell library contained the following spells:

 Spells                   Type           Power        Failure   Level
 Corona                   Hex            #####..      1%          1
 Shock                    Conj/Air       ####         1%          1
 Call Imp                 Summ           #####...     1%          2
 Slow                     Hex            #####...     1%          2
 Confusing Touch          Hex            #####...     1%          3
 Gell's Gravitas          Tloc           ######....   1%          3
 Teleport Other           Tloc           ######..     1%          3
 Tukima's Dance           Hex            #####...     1%          3
 Airstrike                Air            ######....   1%          4
 Summon Lightning Spire   Summ/Air       ######..     1%          4
 Corpse Rot               Necr/Air       N/A          2%          2
 Poisonous Vapours        Pois/Air       #####.       2%          2
 Ensorcelled Hibernation  Hex/Ice        ####..       4%          2
 Static Discharge         Conj/Air       #####...     4%          3
 Cause Fear               Hex            #####.....   4%          4
 Summon Forest            Summ/Tloc      ######....   7%          5
 Dazzling Flash           Conj/Hex       ####..       8%          3
 Mephitic Cloud           Conj/Pois/Air  ####....     10%         3
 Summon Demon             Summ           #####.....   10%         5
 Iskenderun's Mystic Bla  Conj/Tloc      ####....     16%         4
 Animate Skeleton         Necr           #.....       19%         1
 Beastly Appendage        Tmut           #.....       19%         1
 Foxfire                  Conj/Fire      #...         19%         1
 Freeze                   Ice            #...         19%         1
 Magic Dart               Conj           #...         19%         1
 Pain                     Necr           #...         19%         1
 Sandblast                Erth           #.....       19%         1
 Sting                    Tmut/Pois      #...         19%         1
 Dispersal                Tloc           ######....   21%         6
 Fulminant Prism          Conj/Hex       ####......   24%         4
 Leda's Liquefaction      Hex/Erth       ####......   24%         4
 Summon Ice Beast         Ice/Summ       ####....     24%         4
 Passwall                 Tmut/Erth      #.......     28%         2
 Searing Ray              Conj           #.....       28%         2
 Sublimation of Blood     Necr           #.........   28%         2
 Wereblood                Tmut           #.......     28%         2
 Lightning Bolt           Conj/Air       #####.....   28%         5
 Invisibility             Hex            #####...     41%         6
 Conjure Flame            Conj/Fire      #.......     45%         3
 Frozen Ramparts          Ice            #.....       45%         3
 Ignite Poison            Fire/Tmut/Pois #.......     45%         3
 Ozocubu's Armour         Ice            #.......     45%         3
 Spider Form              Tmut/Pois      #.........   45%         3
 Stone Arrow              Conj/Erth      #.....       45%         3
 Yara's Violent Unravell  Hex/Tmut       ####......   52%         5
 Conjure Ball Lightning   Conj/Air       #####.....   82%         6
 Animate Dead             Necr           #.........   85%         4
 Dispel Undead            Necr           #.......     85%         4
 Hailstorm                Conj/Ice       #.......     85%         4
 Ice Form                 Ice/Tmut       #.......     85%         4
 Olgreb's Toxic Radiance  Pois           #.......     85%         4
 Petrify                  Tmut/Erth      #.......     85%         4
 Sticky Flame             Conj/Fire      #.......     85%         4
 Freezing Cloud           Conj/Ice/Air   ####......   98%         6
 Agony                    Necr           #.......     99%         5
 Alistair's Intoxication  Tmut/Pois      #........    99%         5
 Blade Hands              Tmut           #.........   99%         5
 Bolt of Magma            Conj/Fire/Erth #.........   99%         5
 Excruciating Wounds      Necr           #.........   99%         5
 Fireball                 Conj/Fire      #.........   99%         5
 Lee's Rapid Deconstruct  Erth           #.........   99%         5
 Death Channel            Necr           #.........   100%        6
 Eringya's Noxious Bog    Tmut/Pois      #.........   100%        6
 Hydra Form               Tmut           #.........   100%        6
 Iron Shot                Conj/Erth      #.........   100%        6
 Ozocubu's Refrigeration  Ice            #.........   100%        6
 Simulacrum               Ice/Necr       #.........   100%        6
 Starburst                Conj/Fire      #.........   100%        6
 Statue Form              Tmut/Erth      #........    100%        6
 Haunt                    Necr/Summ      ####......   100%        7
 Spellforged Servitor     Conj/Summ      ####......   100%        7
 Borgnjor's Revivificati  Necr           #.........   100%        8
 Discord                  Hex            #####.....   100%        8
 Disjunction              Tloc           ######....   100%        8
 Ignition                 Fire           #.........   100%        8
 Infestation              Necr           #.........   100%        8
 Necromutation            Tmut/Necr      #.........   100%        8
 Death's Door             Necr           #.........   100%        9
 Shatter                  Erth           #.........   100%        9
 Tornado                  Air            ######....   100%        9


Dungeon Overview and Level Annotations

Branches:
Dungeon (15/15)            Temple (0/1) D:7            Lair (6/6) D:9
 Shoals (4/4) Lair:4       Spider (4/4) Lair:3        Slime (5/5) Lair:6
    Orc (2/2) D:10            Elf (3/3) Orc:2        Vaults (5/5) D:13
  Crypt (3/3) Vaults:3       Tomb (3/3) Crypt:3      Depths (5/5) D:15
   Hell (visited)             Dis (7/7) Hell            Geh (7/7) Hell
    Coc (7/7) Hell            Tar (7/7) Hell            Zot (5/5) Depths:5
  Sewer (visited)         Ossuary (visited)           IceCv (visited)
Volcano (visited)         Desolation (visited)

Altars:
Ashenzari
Cheibriados
Elyvilon
Fedhas
Kikubaaqudgha
Makhleb
Okawaru
Vehumet
Zin
The Shining One
Jiyva

Shops:
D:12 ([   D:14 (?   Orc:1 *   Orc:2 !}[   Elf:1 =   Shoals:4 *[=   Vaults:5 [
Depths:2 ?

Portals:
Hell: Depths:1 Depths:2 Depths:5
Abyss: Depths:4
Pandemonium: Depths:3 Depths:5

Annotations:
D:13 Jorgrun
Shoals:3 2 runed translucent doors
Elf:1 2 transporters, Irenicus's ghost, journeyman DDEE


Innate Abilities, Weirdness & Mutations

You can be seen from farther away. (+LOS)
You can swim through water.
You cover ground slowly.
You can hop long distances.
Scrolls take you a little longer to read.
You are somewhat resistant to both further mutation and mutation removal.
You occasionally shout uncontrollably at your foes.
Your spells are a little harder to cast, but a little more powerful.


Message History

You slice the Orb Guardian!!
You kill the Orb Guardian!
Makhleb accepts your kill.
You feel better.
You see here a short sword.
An Orb Guardian comes into view.
Evoke which item? (* to show all) (? for menu, Esc to quit)
Press: ? - help, Shift-Dir - straight line This square is covered in magical glow.
The rock shatters into small pieces.
There is an open door here.
The Orb Guardian closely misses you.
You riposte.
You slice the Orb Guardian!!
Lightning courses through the Orb Guardian!
The Orb Guardian is heavily wounded.
You hear a snapping sound.
The Orb Guardian closely misses you.
The Orb Guardian hits you but does no damage.
There is a staircase leading out of the dungeon here.
The Orb Guardian misses you.
You have escaped!

#K.###..# #.#........##
##...†).## #.##......##
...#.#########
#..##.#####
#............# ##....#
.###......K..## ####'###
.#
########...##♣♣♣♣P.♣P###
.# #.#..#≈♣P.....'.# ##
#..K.#.....≈♣♣#.# #
####.#@X≈P♣P♣≈#.# **
#.##########.# ,*
#............# ,*
#.......)....# ,*
##..........## **
##...##...## *
##########


You could see an Orb Guardian.

Vanquished Creatures
  Cerebov (Pan)
  Antaeus (Coc:7)
  the Royal Jelly (Slime:5)
  Asmodeus (Geh:7)
  Gloorx Vloq (Pan)
  Ereshkigal (Tar:7)
  the Serpent of Hell (Dis:7)
  Lom Lobon (Pan)
  Mnoleg (Pan)
  Dispater (Dis:7)
  6 ancient liches
  3 orbs of fire
  A juggernaut (Depths:2)
  16 greater mummies
  3 shard shrikes
  A Killer Klown (Zot:5)
  2 curse toes
  3 pandemonium lords (Pan)
  Saint Roka (Orc:2)
  Xtahua (Depths:5)
  Geryon (Hell)
  2 caustic shrikes
  9 golden dragons
  4 bone dragons
  19 Brimstone Fiends
  2 electric golems
  7 doom hounds
  12 Tzitzimimeh
  4 iron giants
  7 Hell Sentinels
  22 Orb Guardians
  12 tentacled monstrosities
  4 quicksilver dragons
  12 Ice Fiends
  8 liches
  11 acid blobs
  2 deep elf master archers (Elf:3)
  2 deep elf blademasters (Elf:3)
  9 titans
  14 sphinxes
  Gastronok (Orc:1)
  3 death cobs
  20 Executioners
  2 krakens
  4 tentacled starspawn
  9 ancient champions
  8 shadow dragons
  2 draconian monks
  8 tengu reavers
  6 storm dragons
  10 azure jellies
  3 imperial myrmidons (Desolation)
  An orc warlord (Orc:2)
  3 warmongers (Pan)
  13 cacodemons
  7 ghost moths
  4 iron dragons
  3 draconian knights
  11 fire giants
  9 frost giants
  5 deep elf elementalists
  4 deep elf sorcerers
  12 vault wardens
  2 juggernaut zombies (Hell)
  26 balrugs
  2 black suns (Pan)
  2 angels (Vaults:4)
  4 emperor scorpions
  5 draconian shifters
  2 ghouls (Crypt:3)
  3 draconian scorchers
  2 curse skulls (Pan)
  26 large abominations
  19 ironheart preservers
  5 draconian annihilators
  21 stone giants
  2 elemental wellsprings (Coc:7)
  35 very ugly things
  30 reapers
  A spriggan defender (Depths:3)
  13 war gargoyles
  5 blood saints
  6 vampire knights
  5 entropy weavers
  5 deep elf demonologists
  5 corrupters (Pan)
  3 lorocyprocas
  4 white draconians
  4 green draconians (Zot:5)
  6 purple draconians
  4 halazid warlocks (Desolation)
  3 black draconians
  14 deep elf annihilators
  11 yellow draconians
  A spark wasp (Spider:3)
  3 red draconians
  6 green deaths
  7 crystal guardians
  A fire dragon (shapeshifter) (Vaults:4)
  7 dire elephants
  10 ettins
  4 merfolk javelineers (Shoals:4)
  11 blizzard demons
  9 death oozes
  5 mummy priests
  17 fire dragons
  7 merfolk impalers (Shoals:4)
  9 deep elf death magi
  A kraken zombie (Hell)
  A deep elf high priest (Elf:3)
  A quicksilver dragon zombie (Dis:5)
  Josephine (D:13)
  8 ragged hierophants (Desolation)
  A quicksilver dragon skeleton (Coc:6)
  3 monstrous demonspawn
  13 yaktaur captains
  27 vault guards
  8 rakshasas
  11 great orbs of eyes
  7 hydras
  19 ice dragons
  A catoblepas (Lair:6)
  6 peacekeepers (Desolation)
  3 servants of whispers (Desolation)
  An anaconda (Lair:6)
  8 centaur warriors
  A hell beast (Pan)
  4 spriggan air magi
  2 merfolk avatars (Shoals:4)
  2 death knights
  55 two-headed ogres
  7 merfolk aquamancers (Shoals:4)
  A two-headed ogre (shapeshifter) (Depths:3)
  17 ogre magi
  A ghost crab (Tar:5)
  3 vampire magi
  33 death scarabs
  6 death yaks (Lair:6)
  6 tengu warriors
  4 spriggan berserkers
  3 thrashing horrors
  4 orc high priests (Orc:2)
  15 dancing weapons
  A shock serpent (shapeshifter) (Vaults:3)
  8 deep troll shamans
  3 storm dragon zombies
  4 titan zombies
  5 deep troll earth magi
  7 hell hogs
  27 soul eaters
  Urug (D:13)
  38 sun demons
  2 iron golems (Depths:5)
  A titan skeleton (Coc:7)
  16 deep elf knights
  2 iron trolls (Depths:2)
  2 wretched stars (Abyss:4)
  55 skeletal warriors
  A salamander mystic (Depths:4)
  20 sixfirhies
  A death drake (Tar:6)
  A spark wasp zombie (Hell)
  A spatial maelstrom (Abyss:1)
  33 hell knights
  4 storm dragon skeletons
  3 gelid demonspawn (Pan)
  4 unseen horrors
  2 small abominations
  14 shadow wraiths
  21 deep trolls
  5 anaconda zombies
  2 glowing orange brains
  An infernal demonspawn (Pan)
  2 torturous demonspawn (Pan)
  A death drake (shapeshifter) (Vaults:5)
  4 golden dragon zombies
  6 flayed ghosts
  9 sea snakes
  7 wizards
  11 shadow demons
  11 harpies
  5 deep elf archers
  3 wolf spider zombies
  13 ironbrand convokers
  A lindwurm (shapeshifter) (Vaults:5)
  4 shadow dragon zombies
  47 deep elf magi
  6 phantasmal warriors
  2 golden dragon skeletons (Geh:7)
  12 orc knights
  12 orb spiders
  An orb spider (shapeshifter) (Elf:2)
  23 necromancers
  A cyclops (D:13)
  9 manticores
  26 wolf spiders
  2 anaconda skeletons
  9 orc sorcerers
  45 ugly things
  A salamander (shapeshifter) (Vaults:3)
  5 frost giant zombies
  An iron dragon zombie (Coc:7)
  4 stone giant zombies
  3 oklob plants (Lair:5)
  4 iron dragon skeletons
  A worldbinder (Abyss:3)
  7 shining eyes
  A fire giant zombie (Hell)
  74 slime creatures
  16 moths of wrath
  3 salamanders (Depths:4)
  2 fire giant skeletons (Tar:6)
  2 frost giant skeletons
  12 elephants
  4 guardian serpents (Desolation)
  12 vault sentinels
  5 water nymphs
  4 spriggan zombies (Hell)
  5 stone giant skeletons
  7 merfolk sirens
  3 dire elephant zombies
  3 eyes of devastation
  An eye of devastation (shapeshifter) (Vaults:4)
  2 guardian serpents (shapeshifter)
  19 rust devils
  5 black mambas
  A gargoyle (D:15)
  18 smoke demons
  12 molten gargoyles
  15 orange demons (Pan)
  7 centaur skeletons
  5 ice statues (IceCv)
  A titan simulacrum (Coc:7)
  A torpor snail (Spider:3)
  5 cane toads
  2 emperor scorpion zombies (Geh:7)
  A shock serpent skeleton (Geh:7)
  A kobold demonologist (D:12)
  A rime drake (shapeshifter) (Elf:1)
  A komodo dragon (shapeshifter) (Vaults:1)
  6 efreet
  21 hellions
  74 yaktaurs
  A dire elephant skeleton (Geh:7)
  19 demonic crawlers
  13 komodo dragons
  11 starcursed masses (Abyss:4)
  21 tormentors
  5 anaconda simulacra
  4 tengu conjurers
  16 freezing wraiths
  18 guardian mummies
  42 ice devils
  A minotaur skeleton (Pan)
  10 hellwings
  30 red devils
  A merfolk (shapeshifter) (Vaults:5)
  6 trolls
  A harpy zombie (Geh:3)
  2 wind drakes (Shoals:4)
  27 jumping spiders
  A polar bear (shapeshifter) (D:15)
  10 hydra zombies
  27 merfolk
  4 raiju (Abyss:1)
  13 hornets
  A polar bear (Vaults:4)
  2 harpy skeletons
  17 blink frogs
  47 saltlings (Desolation)
  4 alligator zombies
  An ettin zombie (Crypt:3)
  7 hippogriffs
  4 hydra skeletons
  A fire dragon zombie (Geh:7)
  14 dream sheep
  2 ice dragon zombies
  4 snapping turtles
  81 flying skulls
  35 redbacks
  A centaur simulacrum (D:15)
  7 shadows
  4 ice dragon skeletons (Coc:7)
  A redback (shapeshifter) (Depths:3)
  A vampire (Abyss:4)
  18 tarantellas
  2 fire dragon skeletons
  19 wraiths
  12 ushabtiu
  2 ettin skeletons
  2 air elementals (Elf:1)
  2 yaks (shapeshifter) (Vaults:2)
  12 ynoxinuls (Pan)
  16 water elementals
  4 wyverns
  18 fire elementals
  2 basilisks
  5 fire bats (Volcano)
  29 yaks
  6 chaos spawn
  A golden eye (shapeshifter) (D:13)
  10 golden eyes
  Grum (D:9)
  2 hogs (shapeshifter)
  A human (shapeshifter) (Vaults:4)
  A basilisk (shapeshifter) (Vaults:1)
  10 neqoxecs
  9 wargs
  A harpy simulacrum (IceCv)
  An iron troll simulacrum (IceCv)
  A tengu zombie (Hell)
  5 soldier ants (Spider:2)
  An acid dragon (D:13)
  6 cane toad zombies
  9 water moccasins
  6 hydra simulacra
  3 floating eyes
  22 hell hounds
  2 floating eyes (shapeshifter)
  6 porcupines
  4 sky beasts
  2 deep troll skeletons
  A black bear (shapeshifter) (D:13)
  4 ice beasts
  2 phantoms
  7 cane toad skeletons
  4 black bears
  A manticore zombie (Dis:7)
  36 orc warriors
  An ettin simulacrum (IceCv)
  9 necrophages
  52 ogres
  4 boggarts (Depths:3)
  8 eyes of draining
  4 wolves (D:9)
  2 snapping turtle skeletons
  23 centaurs
  A manticore skeleton (Tar:6)
  A lindwurm skeleton (Crypt:1)
  A swamp dragon skeleton (Coc:7)
  10 crocodiles
  A big kobold (D:9)
  11 bullfrogs
  A wyvern zombie (D:11)
  An elf skeleton (Crypt:3)
  A cane toad simulacrum (Coc:7)
  2 water moccasin zombies (Ossuary)
  5 scorpions
  A queen bee zombie (Crypt:2)
  A warg skeleton (Crypt:1)
  42 wights
  A howler monkey (D:9)
  9 electric eels
  3 crimson imps
  3 centaur zombies
  3 lava snakes (Volcano)
  3 bullfrog zombies
  2 quasits
  8 hounds
  14 orc priests
  A bullfrog skeleton (D:7)
  5 iron imps
  3 jellies
  17 worker ants
  A human skeleton (Tar:7)
  An iguana (D:12)
  28 orc wizards
  9 hell rats
  A naga zombie (Hell)
  3 big kobold zombies (Ossuary)
  An ogre skeleton (Pan)
  A hound zombie (D:11)
  15 mummies
  9 adders
  7 shadow imps
  9 white imps
  6 ufetubi
  4 adder zombies
  An adder skeleton (D:7)
  A worm (Lair:3)
  8 ball lightnings (Pan)
  A dart slug (D:6)
  5 leopard geckos
  83 orcs
  2 ball pythons
  11 giant cockroaches
  7 goblins
  4 hobgoblins
  8 jackals
  A quokka (D:7)
  5 bats
  2 frilled lizards
  2 gnoll zombies (Ossuary)
  3 hobgoblin zombies (Ossuary)
  13 kobolds
  5 kobold zombies
  2 orc zombies (Ossuary)
  11 rats
  A butterfly (D:7)
  3 crawling corpses (Elf:3)
  2 starspawn tentacles (Abyss:4)
  10 tentacles
3314 creatures vanquished.

Vanquished Creatures (collateral kills)
  A death ooze (Slime:5)
  A blizzard demon (Pan)
  A green death (Pan)
  A ghost crab (Tar:7)
  A spriggan air mage (Depths:2)
  3 death scarabs (Tomb:2)
  An orc sorcerer (Orc:2)
  A cyclops (D:15)
  2 orc knights (Orc:2)
  2 shining eyes
  A tormentor (Hell)
  2 guardian mummies
  A wind drake (Shoals:4)
  A ynoxinul (Pan)
  A hell hound (Hell)
  An orc warrior (Orc:2)
  An eye of draining (Slime:2)
  An orc wizard (Orc:2)
  An orc priest (Orc:2)
  A human skeleton (Tomb:2)
25 creatures vanquished.

Vanquished Creatures (others)
  An eldritch tentacle (Pan)
  A fire giant (Depths:3)
  An elemental wellspring (Coc:7)
  A stone giant (Vaults:5)
  An ogre mage (Vaults:3)
  3 hell hogs (Geh:6)
  An ironbrand convoker (Desolation)
  A wizard (Pan)
  An ugly thing (Depths:5)
  A molten gargoyle (Geh:7)
  A slime creature (D:15)
  A snapping turtle (Shoals:4)
  A redback (Spider:1)
  A ynoxinul (Pan)
  A swamp drake (shapeshifter) (Depths:5)
  A cane toad skeleton (Hell)
  An eye of draining (D:12)
  A cane toad simulacrum (Hell)
  An orc wizard (Orc:2)
  A hound zombie (D:11)
  A ball lightning (Pan)
  13 fungi
  104 plants
  12 starspawn tentacles
  31 tentacles
183 creatures vanquished.

Grand Total: 3522 creatures vanquished

Notes
Turn   | Place    | Note
-------+----------+-------------------------------------------
     0 | D:1      | ipx the Barachi Brigand began the quest for the Orb.
     0 | D:1      | Reached XP level 1. HP: 17/17 MP: 1/1
    76 | D:1      | Reached XP level 2. HP: 21/23 MP: 2/2
   162 | D:2      | Found a broken altar of Ashenzari.
   167 | D:2      | Found a blossoming altar of Fedhas.
   233 | D:1      | Reached XP level 3. HP: 23/29 MP: 3/3
   573 | D:3      | Found a burning altar of Makhleb.
   576 | D:3      | Reached XP level 4. HP: 37/37 MP: 4/4
   580 | D:3      | Became a worshipper of Makhleb the Destroyer
   709 | D:4      | Noticed an ogre
   730 | D:4      | Killed an ogre
   730 | D:4      | Reached XP level 5. HP: 41/43 MP: 5/5
   855 | D:5      | Entered Level 5 of the Dungeon
   868 | D:5      | Reached XP level 6. HP: 47/49 MP: 6/6
   896 | D:5      | Reached skill level 1 in Armour
  1060 | D:5      | Reached skill level 1 in Evocations
  1097 | D:6      | Found a glowing drain.
  1121 | Sewer    | Entered a sewer
  1154 | Sewer    | Reached skill level 5 in Fighting
  1203 | Sewer    | Reached XP level 7. HP: 52/56 MP: 7/7
  1260 | D:6      | Found a snail-covered altar of Cheibriados.
  1291 | D:6      | Found a sand-covered staircase.
  1303 | Ossuary  | Entered an ossuary
  1378 | Ossuary  | Reached * piety under Makhleb
  1589 | D:6      | Reached skill level 1 in Long Blades
  1589 | D:6      | Reached skill level 1 in Invocations
  1589 | D:6      | Reached XP level 8. HP: 64/64 MP: 8/8
  1894 | D:7      | Reached skill level 5 in Long Blades
  2056 | D:8      | Noticed a wyvern
  2067 | D:8      | Killed a wyvern
  2067 | D:8      | Reached ** piety under Makhleb
  2067 | D:8      | Reached XP level 9. HP: 33/69 MP: 11/11
  2266 | D:7      | Found a staircase to the Ecumenical Temple.
  2486 | D:9      | Reached skill level 5 in Dodging
  2710 | D:9      | Noticed a two-headed ogre
  2710 | D:9      | Noticed Grum
  2714 | D:9      | Killed Grum
  2714 | D:9      | Reached skill level 10 in Long Blades
  2720 | D:9      | Reached XP level 10. HP: 67/76 MP: 12/12
  2724 | D:9      | Killed a two-headed ogre
  2741 | D:9      | Reached *** piety under Makhleb
  2806 | D:9      | Found an ancient bone altar of Kikubaaqudgha.
  2850 | D:10     | Entered Level 10 of the Dungeon
  3196 | D:11     | Noticed a two-headed ogre
  3205 | D:11     | Killed a two-headed ogre
  3288 | D:11     | Reached **** piety under Makhleb
  3290 | D:11     | Reached XP level 11. HP: 84/84 MP: 14/14
  3328 | D:12     | Noticed a two-headed ogre
  3370 | D:12     | Killed a two-headed ogre
  3507 | D:12     | Reached skill level 5 in Invocations
  3572 | D:12     | Found a snail-covered altar of Cheibriados.
  3616 | D:12     | Found Eminylan's Antique Weapon Emporium.
  3651 | D:12     | Bought a glowing great sword for 256 gold pieces
  3661 | D:11     | Noticed a brown ugly thing
  3674 | D:11     | Killed a brown ugly thing
  3815 | D:13     | Reached ***** piety under Makhleb
  3824 | D:13     | Noticed a six-headed hydra
  3842 | D:13     | Killed a six-headed hydra
  3928 | D:13     | Noticed a centaur warrior
  3961 | D:13     | Noticed Jorgrun
  4044 | D:13     | Noticed a cyclops
  4093 | D:14     | Noticed an orc knight
  4101 | D:14     | Killed an orc knight
  4101 | D:14     | Reached skill level 15 in Long Blades
  4135 | D:14     | Noticed a manticore
  4143 | D:14     | Killed a manticore
  4143 | D:14     | Reached XP level 12. HP: 61/91 MP: 16/16
  4150 | D:14     | Found Deapamib's Antique Weapon Boutique.
  4192 | D:14     | Bought an ichor-stained scimitar for 252 gold pieces
  4192 | D:14     | Identified the +7 scimitar of Ravage {venom, Fragile rC+++
                  | MR+ Int-4} (You bought it in a shop on level 14 of the
                  | Dungeon)
  4279 | D:14     | Noticed a five-headed hydra
  4283 | D:14     | Killed a five-headed hydra
  4288 | D:14     | Found Foac's Magic Scroll Shoppe.
  4338 | D:15     | Entered Level 15 of the Dungeon
  4379 | D:15     | Noticed a death knight
  4392 | D:15     | Killed a death knight
  4417 | D:15     | Reached skill level 5 in Evocations
  4560 | D:14     | Found a burning altar of Makhleb.
  4607 | D:15     | Noticed a seven-headed hydra
  4709 | D:13     | Noticed Josephine
  4715 | D:13     | Killed Josephine
  4715 | D:13     | Reached skill level 10 in Fighting
  4787 | D:13     | Noticed a centaur warrior
  4799 | D:13     | Killed a centaur warrior
  4811 | D:13     | Noticed Urug
  4844 | D:13     | Killed Urug
  4844 | D:13     | Reached skill level 10 in Dodging
  4844 | D:13     | Gained mutation: You can hop long distances. [Barachi
                  | growth]
  4844 | D:13     | Reached XP level 13. HP: 78/103 MP: 17/17
  4912 | D:12     | Found Lotour's Antique Armour Shop.
  5343 | D:11     | Reached ****** piety under Makhleb
  5602 | D:10     | Found a staircase to the Orcish Mines.
  5608 | Orc:1    | Entered Level 1 of the Orcish Mines
  5701 | Orc:2    | Entered Level 2 of the Orcish Mines
  5706 | Orc:2    | Found a staircase to the Elven Halls.
  5988 | Orc:2    | Noticed Saint Roka
  6013 | Orc:2    | Killed Saint Roka
  6047 | Orc:2    | Found a dark tunnel.
  6064 | Volcano  | Entered a volcano
  6164 | Volcano  | Found a radiant altar of Vehumet.
  6396 | Orc:2    | Reached XP level 14. HP: 35/113 MP: 18/18
  6430 | Orc:2    | Reached skill level 5 in Armour
  6507 | Orc:2    | Found Kolapt's Distillery.
  6507 | Orc:2    | Found Kavvuhog's Weapon Emporium.
  6509 | Orc:2    | Found Hydoes's Antique Armour Shop.
  6509 | Orc:2    | Found Yveoxt's Gadget Emporium.
  6524 | Orc:2    | Bought a heavily runed helmet for 218 gold pieces
  6534 | Orc:2    | Identified the cursed +0 helmet of Dawn {Regen+ Str+2} (You
                  | bought it in a shop on level 2 of the Orcish Mines)
  6572 | Orc:1    | Noticed Gastronok
  6572 | Orc:1    | Noticed an orc warlord
  6599 | Orc:2    | Killed an orc warlord
  6758 | Orc:1    | Killed Gastronok
  6897 | Orc:1    | Found a radiant altar of Vehumet.
  6897 | Orc:1    | Found Hanyb's Assorted Antiques.
  7189 | D:13     | Found a gate to the Vaults.
  7196 | D:13     | You fall into a shaft and drop 2 floors!
  7390 | D:14     | Bought a scroll of acquirement for 832 gold pieces
  7390 | D:14     | Acquired 1182 gold pieces
  7392 | D:14     | Bought a scroll of teleportation for 48 gold pieces
  7392 | D:14     | Bought a scroll of silence for 120 gold pieces
  7445 | D:12     | Bought a steaming cloak for 304 gold pieces
  7455 | D:12     | Identified the cursed +0 cloak "Fehe" {*Drain rF- rC+
                  | rN+++} (You bought it in a shop on level 12 of the Dungeon)
  7572 | Orc:2    | Bought a wand of acid (9) for 390 gold pieces
  7572 | Orc:2    | Bought a wand of flame (18) for 150 gold pieces
  7575 | Orc:2    | Bought a potion of haste for 150 gold pieces
  7677 | D:9      | Found an iron altar of Okawaru.
  7697 | D:9      | Found a staircase to the Lair.
  7709 | Lair:1   | Entered Level 1 of the Lair of Beasts
  7867 | Lair:4   | Found a staircase to the Shoals.
  8065 | Lair:4   | Got an ichor-stained rapier
  8066 | Lair:4   | Identified the +10 rapier of Success {holy, Dex+2} (You
                  | found it on level 4 of the Lair of Beasts)
  8290 | Lair:6   | Entered Level 6 of the Lair of Beasts
  8347 | Lair:6   | Reached XP level 15. HP: 120/120 MP: 19/19
  8446 | Lair:6   | Found a radiant altar of Vehumet.
  9000 | Lair:6   | Reached skill level 10 in Armour
  9751 | Shoals:1 | Entered Level 1 of the Shoals
  9857 | Shoals:1 | Acquired a +0 triple sword of electrocution
 10079 | Shoals:3 | Noticed a kraken
 10100 | Shoals:3 | Found a runed translucent gate.
 10100 | Shoals:3 | Found a runed translucent gate.
 10124 | Shoals:3 | Killed a kraken
 10186 | Shoals:4 | Entered Level 4 of the Shoals
 10186 | Shoals:4 | Found Uwoenoa's Armour Boutique.
 10186 | Shoals:4 | Found Qoumu's Assorted Antiques.
 10220 | Shoals:4 | Reached XP level 16. HP: 130/130 MP: 21/21
 10228 | Shoals:4 | Identified the amulet of Cunea {RegenMP Dex+3}
 10237 | Shoals:4 | Reached skill level 10 in Evocations
 10380 | Shoals:4 | Identified the amulet of Apoito {Reflect MR+ Str+7 Int-3
                  | SH+5}
 10448 | Shoals:4 | Bought a +0 pair of boots for 90 gold pieces
 10448 | Shoals:4 | Bought a +0 pair of gloves for 90 gold pieces
 10507 | Shoals:4 | Bought an ivory ring for 175 gold pieces
 10593 | Shoals:4 | Noticed a kraken
 10614 | Shoals:4 | Killed a kraken
 10636 | Shoals:4 | Found Baquy's Jewellery Emporium.
 10792 | Shoals:4 | Reached skill level 5 in Throwing
 10804 | Shoals:4 | Got a barnacled rune of Zot
 11225 | Lair:3   | Found a hole to the Spider Nest.
 11244 | Spider:1 | Entered Level 1 of the Spider Nest
 11260 | Spider:1 | Paralysed by a hornet for 3 turns
 11590 | Spider:2 | Reached XP level 17. HP: 139/139 MP: 23/23
 11912 | Spider:4 | Entered Level 4 of the Spider Nest
 12209 | Spider:4 | Reached skill level 10 in Throwing
 12460 | Spider:4 | Got a gossamer rune of Zot
 12808 | Lair:6   | Found a viscous altar of Jiyva.
 12809 | Lair:6   | Found a staircase to the Slime Pits.
 12820 | Slime:1  | Entered Level 1 of the Pits of Slime
 12889 | Slime:2  | Noticed an acid blob
 12900 | Slime:2  | Killed an acid blob
 12920 | Slime:3  | Noticed an acid blob
 13001 | Slime:2  | Reached XP level 18. HP: 131/146 MP: 24/24
 13112 | Slime:3  | Gained mutation: Armour fits poorly on your strangely
                  | shaped body. [a shining eye]
 13288 | Slime:2  | Gained mutation: You are weak. (Str -2) [a shining eye]
 13297 | Slime:5  | Entered Level 5 of the Pits of Slime
 13416 | Slime:5  | Found a viscous altar of Jiyva.
 13416 | Slime:5  | Noticed the Royal Jelly
 13441 | Slime:5  | Killed the Royal Jelly
 13592 | Slime:5  | Got a sparkling copper ring
 13594 | Slime:5  | Identified the ring "Vufeshow" {*Contam +Fly Int+2 SInv}
                  | (You found it on level 5 of the Pits of Slime)
 13634 | Slime:5  | Got a slimy rune of Zot
 13718 | Lair:6   | Lost mutation: You are weak. (Str -2) [potion of mutation]
 13718 | Lair:6   | Lost mutation: Armour fits poorly on your strangely shaped
                  | body. [potion of mutation]
 13718 | Lair:6   | Gained mutation: Your spells are a little harder to cast,
                  | but a little more powerful. [potion of mutation]
 13718 | Lair:6   | Gained mutation: You are somewhat resistant to further
                  | mutation. [potion of mutation]
 13883 | Shoals:4 | Bought the ring "Zeptio" {rF+ MR++ Str+3} for 840 gold
                  | pieces
 14142 | Elf:1    | Entered Level 1 of the Elven Halls
 14164 | Elf:1    | Found a radiant altar of Vehumet.
 14229 | Elf:1    | Found a frozen archway.
 14243 | Elf:1    | Reached XP level 19. HP: 152/152 MP: 25/25
 14254 | IceCv    | Entered an ice cave
 14440 | IceCv    | Found the +4 moon troll leather armour {Spirit, Regen++
                  | MP+5}
 14493 | IceCv    | Got ancient fire dragon scales
 14504 | IceCv    | Identified the +6 fire dragon scales "Geom" {Harm rF++ rC-
                  | rN+++ MR- Dex+6} (You found it in an ice cave)
 14650 | Elf:1    | Found Rontiufonu's Jewellery Boutique.
 14657 | Elf:1    | Bought an uncursed ring of see invisible for 240 gold
                  | pieces
 14657 | Elf:1    | Bought an uncursed ring of poison resistance for 320 gold
                  | pieces
 14688 | Elf:1    | Found a transporter.
 14689 | Elf:1    | Noticed Irenicus's ghost (journeyman DDEE)
 14695 | Elf:1    | Found a transporter.
 14822 | Elf:1    | Identified the amulet of Kioceop {Faith rElec rF- Slay+3}
 14885 | Elf:3    | Entered Level 3 of the Elven Halls
 15061 | Elf:3    | Reached skill level 15 in Fighting
 15067 | Elf:3    | Reached skill level 15 in Dodging
 15195 | Elf:3    | Identified Hyeng's Guide on Attacks and Heat
 15201 | Elf:3    | Identified the Catalogue of the Birds and Poisoning
 15210 | Elf:3    | Got a clouded iron ring
 15212 | Elf:3    | Identified the ring "Wotes" {+Inv rElec MR+} (You found it
                  | on level 3 of the Elven Halls)
 15310 | Elf:3    | Identified the +8 hand axe "Balyp" {flame, Int+4 Dex+4
                  | Stlth-}
 15383 | Elf:3    | Identified the Volume of Creation and Stolen Souls
 15527 | Elf:1    | Reached XP level 20. HP: 166/166 MP: 26/26
 15552 | Elf:1    | Reached skill level 15 in Throwing
 15751 | Orc:1    | Bought a scroll of magic mapping for 133 gold pieces
 15751 | Orc:1    | Bought a scroll of enchant weapon for 285 gold pieces
 15751 | Orc:1    | Bought a potion of mutation for 304 gold pieces
 15751 | Orc:1    | Bought a scroll of teleportation for 114 gold pieces
 15777 | Orc:2    | Bought a potion of curing for 45 gold pieces
 15777 | Orc:2    | Bought a potion of haste for 150 gold pieces
 15777 | Orc:2    | Bought a potion of curing for 45 gold pieces
 15777 | Orc:2    | Bought a potion of brilliance for 60 gold pieces
 15777 | Orc:2    | Bought a potion of might for 60 gold pieces
 15909 | Vaults:1 | Entered Level 1 of the Vaults
 17098 | Vaults:2 | Reached XP level 21. HP: 163/180 MP: 26/27
 17443 | Vaults:2 | You fall into a shaft and drop 1 floor!
 17676 | Vaults:3 | Paralysed by a floating eye for 3 turns
 18114 | Vaults:4 | Found a flickering gateway to a bazaar.
 18123 | Bazaar   | Entered a bazaar
 18123 | Bazaar   | Found Xail's Distillery.
 18123 | Bazaar   | Found Yles's Gadget Shoppe.
 18123 | Bazaar   | Found Miza's Antique Weapon Shop.
 18124 | Bazaar   | Found Wianativ's Antique Armour Emporium.
 18124 | Bazaar   | Found Mowe's Antique Weapon Shop.
 18166 | Bazaar   | Bought a pair of glowing boots for 150 gold pieces
 18182 | Bazaar   | Bought a potion of heal wounds for 75 gold pieces
 18182 | Bazaar   | Bought a potion of haste for 150 gold pieces
 18182 | Bazaar   | Bought a potion of curing for 45 gold pieces
 18304 | Vaults:4 | Reached XP level 22. HP: 187/187 MP: 28/28
 18507 | Vaults:4 | Found a ruined gateway.
 18517 | Vaults:4 | Found a glowing silver altar of Zin.
 18517 | Vaults:4 | Found a white marble altar of Elyvilon.
 18534 | Vaults:4 | Found a glowing golden altar of the Shining One.
 18547 | Desolati | Entered the Desolation of Salt
 18708 | Desolati | Identified the Tome of Anaesthesia
 18771 | Desolati | Identified the Incunabulum of Icy Unholy Rituals
 18928 | Desolati | Identified Sif Muna's Grimoire of Gliding Venom
 18932 | Desolati | Got a twitching ivory ring
 18934 | Desolati | Identified the cursed ring "Gidiot" {+Inv rC++ Str-4 Int-4
                  | Dex+3} (You found it in the Desolation of Salt)
 18942 | Desolati | Got a heavily runed bronze ring
 18944 | Desolati | Identified the cursed ring of the Skies Above {+Fly EV-4
                  | Str+6 Int+3 Stlth-} (You found it in the Desolation of
                  | Salt)
 18950 | Desolati | Got a scorched jade ring
 18952 | Desolati | Identified the ring of Faoritum {rC+ rCorr Str-5 Dex+3
                  | Slay-2} (You found it in the Desolation of Salt)
 19065 | Desolati | Identified the Collected Works on Congealing Heat
 19075 | Desolati | Got a shimmering jade ring
 19077 | Desolati | Identified the ring "Cidu" {rF+ rC+ Dex+6} (You found it in
                  | the Desolation of Salt)
 19099 | Desolati | Identified the Compendium of the Mutagenic Volcanoes
 19103 | Desolati | Got a heavily runed bronze amulet
 19263 | Vaults:5 | Entered Level 5 of the Vaults
 19320 | Vaults:5 | Noticed an ancient lich
 19326 | Vaults:5 | Killed an ancient lich
 19370 | Vaults:5 | Reached XP level 23. HP: 194/194 MP: 29/29
 19476 | Vaults:5 | Noticed a golden dragon
 19480 | Vaults:5 | Killed a golden dragon
 19502 | Vaults:5 | Identified the amulet "Qeania" {Inacc Dex+7} (You found it
                  | in the Desolation of Salt)
 19538 | Vaults:5 | Learned a level 2 spell: Blink
 19546 | Vaults:5 | Got an ichor-stained helmet
 19557 | Vaults:5 | Identified the +2 helmet of Byesaur {Dex+3} (You found it
                  | on level 5 of the Vaults)
 19620 | Vaults:5 | Reached skill level 1 in Translocations
 19622 | Vaults:5 | Reached skill level 1 in Spellcasting
 19681 | Vaults:5 | Reached skill level 15 in Armour
 19694 | Vaults:5 | Got a pair of translucent boots
 19705 | Vaults:5 | Identified the cursed +0 pair of boots of Qaoth {+Blink rC-
                  | Str+6} (You found it on level 5 of the Vaults)
 19816 | Vaults:5 | Found Lumust's Antique Armour Emporium.
 19816 | Vaults:5 | Noticed an ancient lich
 19888 | Vaults:5 | Killed an ancient lich
 19977 | Vaults:5 | Reached skill level 5 in Translocations
 19990 | Vaults:5 | Noticed a golden dragon
 20010 | Vaults:5 | Killed a golden dragon
 20035 | Vaults:5 | Bought a glowing cloak for 277 gold pieces
 20061 | Vaults:5 | Reached skill level 5 in Spellcasting
 20180 | Vaults:5 | Reached XP level 24. HP: 204/204 MP: 31/31
 20279 | Vaults:5 | Identified the +6 dagger "Oghaegig" {vorpal, rC+ rN+ Str+4
                  | Dex+4}
 20376 | Vaults:5 | Got a silver rune of Zot
 20457 | Vaults:5 | Bought a pair of embroidered gloves for 277 gold pieces
 20572 | Vaults:3 | Found a staircase to the Crypt.
 20814 | D:15     | Learned a level 3 spell: Lesser Beckoning
 20818 | D:15     | Learned a level 3 spell: Portal Projectile
 20828 | D:15     | Found a blossoming altar of Fedhas.
 21099 | D:15     | Reached skill level 1 in Hexes
 21101 | D:15     | Found a staircase to the Depths.
 21142 | Depths:1 | Entered Level 1 of the Depths
 21167 | Depths:1 | Found a gateway to Hell.
 21302 | Depths:2 | Found Jiwomp's Magic Scroll Emporium.
 21333 | Depths:2 | Bought a scroll of magic mapping for 59 gold pieces
 21333 | Depths:2 | Bought a scroll of magic mapping for 59 gold pieces
 21333 | Depths:2 | Bought a scroll of magic mapping for 59 gold pieces
 21333 | Depths:2 | Bought a scroll of blinking for 127 gold pieces
 21333 | Depths:2 | Bought a scroll of teleportation for 51 gold pieces
 21333 | Depths:2 | Noticed a caustic shrike
 21339 | Depths:2 | Killed a caustic shrike
 21360 | Depths:2 | Noticed a juggernaut
 21373 | Depths:2 | Killed a juggernaut
 21583 | Depths:2 | Learned a level 4 spell: Summon Lightning Spire
 21632 | Depths:2 | Reached skill level 1 in Summonings
 21632 | Depths:2 | Reached skill level 1 in Air Magic
 21813 | Depths:3 | Found a one-way gate leading to the halls of Pandemonium.
 21884 | Depths:3 | Reached XP level 25. HP: 210/210 MP: 27/33
 22069 | Depths:3 | Reached skill level 5 in Summonings
 22074 | Depths:3 | Got a pair of crude gloves
 22085 | Depths:3 | Identified the +2 pair of gloves of Opul {Harm rElec rF-
                  | MR+++} (You found it on level 3 of the Depths)
 22163 | Depths:3 | Reached skill level 10 in Translocations
 22167 | Depths:3 | Reached skill level 5 in Air Magic
 22530 | Depths:4 | Found a one-way gate to the infinite horrors of the Abyss.
 22647 | Depths:5 | Entered Level 5 of the Depths
 22798 | Hell     | Entered the Vestibule of Hell
 22798 | Hell     | Noticed Geryon
 22923 | Depths:5 | Reached XP level 26. HP: 207/218 MP: 31/33
 23143 | Pan      | Entered Pandemonium
 23356 | Pan      | Learned a level 2 spell: Swiftness
 23411 | Pan      | Found an exit through the horrors of the Abyss.
 23529 | Pan      | Learned a level 4 spell: Passage of Golubria
 23584 | Pan      | Found a transporter.
 23630 | Pan      | Found a transporter.
 23658 | Pan      | Reached skill level 10 in Summonings
 23682 | Pan      | Got a pair of dazzling gloves
 23693 | Pan      | Identified the +0 pair of gloves of Lucidity {Int+4} (You
                  | found it in Pandemonium)
 23706 | Pan      | Got a vibrating pewter ring
 23717 | Pan      | Identified the ring of Due Proportion {rElec rN++ Str+6}
                  | (You found it in Pandemonium)
 23794 | Pan      | HP: 10/218 [Executioner (18)]
 23876 | Pan      | Found an exit through the horrors of the Abyss.
 23926 | Pan      | Noticed Xinut the pandemonium lord
 23932 | Pan      | Reached skill level 10 in Air Magic
 23937 | Pan      | Killed Xinut the pandemonium lord
 23962 | Pan      | HP: 6/218 [Hell Sentinel/iron shot (38)]
 24228 | Pan      | Noticed Licaur the pandemonium lord
 24244 | Pan      | Killed Licaur the pandemonium lord
 24277 | Pan      | Got a demonic rune of Zot
 24317 | Pan      | Entered the realm of Mnoleg.
 24317 | Pan      | Noticed Mnoleg
 24322 | Pan      | Got a glowing rune of Zot
 24338 | Pan      | Killed Mnoleg
 24338 | Pan      | Reached XP level 27. HP: 224/224 MP: 34/35
 24424 | Pan      | Acquired a +4 triple sword of holy wrath
 24461 | Pan      | Gained mutation: You occasionally shout uncontrollably at
                  | your foes. [a shining eye]
 24467 | Pan      | Paralysed by a floating eye for 2 turns
 24473 | Pan      | Gained mutation: You are somewhat resistant to both further
                  | mutation and mutation removal. [a cacodemon]
 24511 | Pan      | Found an exit through the horrors of the Abyss.
 24614 | Pan      | Learned a level 5 spell: Silence
 24762 | Pan      | Entered the realm of Lom Lobon.
 24963 | Pan      | Noticed Lom Lobon
 25005 | Pan      | Killed Lom Lobon
 25060 | Pan      | Got a magical rune of Zot
 25167 | Pan      | Noticed Kucviac the pandemonium lord
 25285 | Pan      | Entered the realm of Gloorx Vloq.
 25329 | Pan      | Reached skill level 10 in Spellcasting
 25358 | Pan      | Noticed Gloorx Vloq
 25376 | Pan      | Killed Gloorx Vloq
 25424 | Pan      | Got a dark rune of Zot
 25549 | Pan      | Found an exit through the horrors of the Abyss.
 25554 | Pan      | Found an exit through the horrors of the Abyss.
 25622 | Pan      | Entered the realm of Cerebov.
 25840 | Pan      | Reached skill level 5 in Hexes
 26026 | Pan      | Identified the +6 sword of Cerebov {flame}
 26026 | Pan      | Noticed Cerebov
 26065 | Pan      | Killed Cerebov
 26156 | Pan      | Got a fiery rune of Zot
 26186 | Pan      | Identified the amulet "Kobinopa" {Regen+ Str+5 Int+2 Dex-3}
                  | (You found it in Pandemonium)
 26202 | Pan      | Identified the cursed +0 plate armour "Goseshri" {+Inv
                  | rPois rC- MR+} (You found it in Pandemonium)
 26460 | Pan      | Noticed Ytteid the pandemonium lord
 26525 | Pan      | Noticed Jafanwag the pandemonium lord
 26632 | Pan      | Noticed Baschurio the pandemonium lord
 26666 | Pan      | Killed Baschurio the pandemonium lord
 26725 | Depths:5 | Escaped Pandemonium
 26746 | Depths:5 | Noticed Xtahua
 26761 | Depths:5 | Killed Xtahua
 26819 | Depths:4 | Voluntarily entered the Abyss.
 27115 | Abyss:4  | Identified the +5 pair of gloves of Cisuk {*Contam MP+9
                  | Str+4 Dex+10} (You found it on level 4 of the Abyss)
 27248 | Abyss:4  | Got an abyssal rune of Zot
 27279 | Depths:4 | Escaped the Abyss
 27390 | Hell     | Killed Geryon
 27472 | Hell     | Noticed an ancient lich
 27479 | Hell     | Killed an ancient lich
 27503 | Hell     | Found a gateway to the decaying netherworld of Tartarus.
 27513 | Tar:1    | Entered Level 1 of Tartarus
 27543 | Tar:1    | You fall into a shaft and drop 1 floor!
 27671 | Tar:4    | Reached skill level 15 in Evocations
 27955 | Tar:7    | Entered Level 7 of Tartarus
 28011 | Tar:7    | Reached skill level 10 in Hexes
 28077 | Tar:7    | Identified the ring of Kiekuown {*Corrode rN++ EV+4 Str+2}
                  | (You found it on level 7 of Tartarus)
 28224 | Tar:7    | Noticed Ereshkigal
 28241 | Tar:7    | Killed Ereshkigal
 28279 | Tar:7    | Identified Witchcraft, Part One
 28283 | Tar:7    | Learned a level 1 spell: Apportation
 28305 | Tar:7    | Got a bone rune of Zot
 28422 | Hell     | Found a gateway to the Iron City of Dis.
 28453 | Dis:1    | Entered Level 1 of the Iron City of Dis
 28484 | Dis:1    | You fall into a shaft and drop 1 floor!
 28769 | Dis:6    | You fall into a shaft and drop 1 floor!
 28769 | Dis:7    | Entered Level 7 of the Iron City of Dis
 28811 | Dis:7    | Noticed the Serpent of Hell
 28917 | Dis:7    | Killed the Serpent of Hell
 28919 | Dis:7    | Reached skill level 5 in Stealth
 29273 | Dis:7    | Identified the +4 staff of Dispater
 29273 | Dis:7    | Noticed Dispater
 29293 | Dis:7    | Killed Dispater
 29306 | Dis:7    | Got a glittering lead amulet
 29310 | Dis:7    | Got an iron rune of Zot
 29312 | Dis:7    | Identified the amulet of Lugonu's Displeasure {Inacc Str+3}
                  | (You found it on level 7 of the Iron City of Dis)
 29429 | Hell     | Found a gateway to the ashen valley of Gehenna.
 29441 | Geh:1    | Entered Level 1 of Gehenna
 29617 | Geh:7    | Entered Level 7 of Gehenna
 30020 | Geh:7    | Identified the +7 sceptre of Asmodeus
 30020 | Geh:7    | Noticed Asmodeus
 30088 | Geh:7    | Killed Asmodeus
 30104 | Geh:7    | Found the +9 staff of Wucad Mu {channel}
 30111 | Geh:7    | Got an obsidian rune of Zot
 30154 | Hell     | Found a gateway to the freezing wastes of Cocytus.
 30167 | Coc:1    | Entered Level 1 of Cocytus
 30350 | Coc:7    | Entered Level 7 of Cocytus
 30464 | Coc:7    | Reached skill level 10 in Stealth
 30859 | Coc:7    | Identified the +4 great sword "Okelawal" {flame, rF+ MR+}
 30859 | Coc:7    | Noticed Antaeus
 30889 | Coc:7    | Killed Antaeus
 30897 | Coc:7    | Got an icy rune of Zot
 31103 | D:12     | Bought the +2 cloak of the Thief {*Fog Slay-2 SInv Stlth+}
                  | for 643 gold pieces
 31103 | D:12     | Found the +2 cloak of the Thief {*Fog Slay-2 SInv Stlth+}
 31296 | Crypt:1  | Entered Level 1 of the Crypt
 31442 | Crypt:3  | Entered Level 3 of the Crypt
 31655 | Crypt:3  | Identified the amulet "Doxougry" {Faith rF+ Str+4} (You
                  | found it on level 3 of the Crypt)
 31706 | Crypt:3  | Found an ancient bone altar of Kikubaaqudgha.
 31706 | Crypt:3  | Noticed an ancient lich
 31712 | Crypt:3  | Killed an ancient lich
 31727 | Crypt:3  | Got an ancient lapis lazuli ring
 31737 | Crypt:3  | Identified the ring of Foolhardiness {*Tele Int+5 Dex-4}
                  | (You found it on level 3 of the Crypt)
 31941 | Crypt:3  | Found a staircase to the Tomb.
 31955 | Tomb:1   | Entered Level 1 of the Tomb of the Ancients
 32135 | Tomb:1   | Reached skill level 15 in Stealth
 32149 | Tomb:1   | Noticed an ancient lich
 32158 | Tomb:1   | Noticed a greater mummy
 32168 | Tomb:1   | Killed an ancient lich
 32172 | Tomb:1   | Killed a greater mummy
 32242 | Tomb:1   | Noticed a greater mummy
 32242 | Tomb:1   | Noticed a greater mummy
 32242 | Tomb:1   | Noticed a greater mummy
 32242 | Tomb:1   | Noticed a greater mummy
 32251 | Tomb:1   | Killed a greater mummy
 32254 | Tomb:1   | Killed a greater mummy
 32261 | Tomb:1   | Killed a greater mummy
 32261 | Tomb:1   | Killed a greater mummy
 32292 | Tomb:1   | Noticed a greater mummy
 32292 | Tomb:1   | Noticed a greater mummy
 32292 | Tomb:1   | Noticed a greater mummy
 32292 | Tomb:1   | Noticed a greater mummy
 32292 | Tomb:1   | Noticed a greater mummy
 32295 | Tomb:1   | Noticed a greater mummy
 32296 | Tomb:1   | Killed a greater mummy
 32299 | Tomb:1   | Killed a greater mummy
 32300 | Tomb:1   | Noticed a greater mummy
 32304 | Tomb:1   | Killed a greater mummy
 32311 | Tomb:1   | Killed a greater mummy
 32313 | Tomb:1   | Noticed a greater mummy
 32320 | Tomb:1   | Killed a greater mummy
 32341 | Tomb:1   | Noticed a greater mummy
 32352 | Tomb:1   | Killed a greater mummy
 32361 | Tomb:1   | Killed a greater mummy
 32366 | Tomb:1   | Killed a greater mummy
 32376 | Tomb:1   | Killed a greater mummy
 32414 | Tomb:1   | Noticed a greater mummy
 32424 | Tomb:1   | Killed a greater mummy
 32637 | Tomb:3   | Entered Level 3 of the Tomb of the Ancients
 32734 | Tomb:3   | Noticed an ancient lich
 32740 | Tomb:3   | Killed an ancient lich
 32741 | Tomb:3   | Noticed a greater mummy
 32745 | Tomb:3   | Noticed a greater mummy
 32745 | Tomb:3   | Noticed a greater mummy
 32745 | Tomb:3   | Noticed a greater mummy
 32746 | Tomb:3   | Noticed a greater mummy
 32832 | Tomb:3   | Got a golden rune of Zot
 32850 | Tomb:3   | Killed a greater mummy
 33367 | Depths:5 | Found a gate to the Realm of Zot.
 33379 | Zot:1    | Entered Level 1 of the Realm of Zot
 33564 | Zot:2    | Noticed an orb of fire
 33588 | Zot:2    | Killed an orb of fire
 33723 | Zot:5    | Entered Level 5 of the Realm of Zot
 34065 | Zot:5    | Noticed an orb of fire
 34076 | Zot:5    | Noticed an orb of fire
 34080 | Zot:5    | Killed an orb of fire
 34086 | Zot:5    | Killed an orb of fire
 34234 | Zot:5    | Got the Orb of Zot
 34267 | Zot:5    | Noticed a seraph
 34417 | Depths:3 | Noticed Rodd the pandemonium lord
 34446 | Depths:2 | Gained mutation: Scrolls take you a little longer to read.
                  | [a cacodemon]
 34619 | D:6      | Noticed Tipot the pandemonium lord
 34701 | D:$      | Escaped with the Orb!

Illustrated notes

Levels and vault maps discovered:
D:1:      tarquinn_simple_flora_water_f, layout_rooms, minmay_strange_pillars
D:2:      layout_rooms, fedhas_altar_3, ashenzari_altar_1
D:3:      layout_loops_ring, bloody_trog,
          chequers_ecumenical_altar_simple_redux, makhleb_blood_cavern_becter
D:4:      layout_basic, nicolae_ru_path_of_blood, hangedman_minor_gate_pass
D:5:      layout_rooms, chequers_temple_overflow_minitemple
D:6:      layout_cave_pods, kennysheep_slug_shrine, nicolae_ossuary_entry_ruins,
          portal_sewer_entry_a, grunt_tough_drop
D:7:      layout_loops_ring, minmay_temple_entry_butterflies, serial_shops,
          nicolae_shop_stone, kennysheep_generic_room_9, uniq_menkaure
D:8:      layout_loops_ring
D:9:      layout_roguey, kiku_gazebo_pond_becter, okawaru_gym_becter,
          lair_entry_dummy, serial_shops, nicolae_shop_stone, amethyst_killhole,
          uniq_grum
D:10:     layout_rooms, orc_0_dummy
D:11:     layout_irregular_city, serial_bayou, serial_bayou_lake_a,
          serial_bayou_shore_a, serial_bayou_pond_b, serial_bayou_pond_c,
          serial_bayou_lagoon_a, serial_shops, shop
D:12:     layout_stronghold, serial_shops, nicolae_shop_overgrown_old_shop,
          shop, kennysheep_mini, basic_altar, lemuel_flamethrower_3
D:13:     layout_basic, david_vaults_4, kennysheep_generic_room_8, uniq_jorgrun,
          uniq_urug, uniq_snorg, uniq_josephine
D:14:     lemuel_upstairs_altar, layout_layer_cave,
          ebering_dispersal_statue_hall, serial_shops, shop, nicolae_shop_stone,
          shop, shop
D:15:     grunt_enter_depths_hoard, layout_loops_cross,
          lemuel_coloured_pillars_altar, minmay_statues_item
Lair:1:   layout_chaotic_city, grunt_megastairs_2, uniq_sonja, uniq_fannar,
          uniq_harold
Lair:2:   layout_roguey, minivault_27, serial_bayou_pond_b,
          beast_lair_carwin_11, infiniplex_staircase_pool_2
Lair:3:   layout_long_grid, nicolae_spider_entry_non_spiders,
          kennysheep_catoblepas_arena
Lair:4:   layout_regular_city, shoals_dummy_entry, lemuel_fruit_fields
Lair:5:   layout_cave_pods, lemuel_fruit_fields, minmay_lair_oklob_chamber
Lair:6:   due_jungle_book, layout_gridlike, slime_altar_1, basic_altar,
          grunt_megastairs_3
Shoals:1: layout_shoals, serial_shops, nicolae_shop_statue_plus
Shoals:2: layout_shoals
Shoals:3: layout_shoals, ebering_ghost_davey_jones
Shoals:4: shoals_end_simple, layout_shoals, serial_shops, nicolae_shop_stone,
          shop, shop_coins, shop_fountains, nicolae_shoals_kraken_intersection
Spider:1: layout_spider_delve
Spider:2: layout_spider_delve, drop_trap, minmay_another_anthill
Spider:3: layout_spider_delve
Spider:4: guppyfry_spider_rune
Slime:1:  layout_caves
Slime:2:  layout_caves, nicolae_slime_welcoming_committee
Slime:3:  layout_caves
Slime:4:  layout_caves
Slime:5
Orc:1:    layout_caves, basic_altar, serial_shops, shop, uniq_gastronok
Orc:2:    grunt_orc_tribal_feast, layout_caves, enter_volcano_2, uniq_saint_roka
Elf:1:    eino_elf_arrival_altar, layout_loops_corners, serial_shops,
          nicolae_shop_stone, gammafunk_ghost_arena,
          portal_ice_cave_entry_pillars_1
Elf:2:    layout_loops_cross, serial_shops, shop,
          nicolae_elf_glass_and_crystal_pillar_2, columned_hall_lemuel,
          grunt_ministairs_6, nrook_mini_backslash
Elf:3:    grunt_elf_hall_branching, layout_rooms, uniq_mara
Vaults:1: vaults_room_pool, vaults_dpeg_encased_lava, v_alt_pattern_4,
          nicolae_vaults_theta, nicolae_vaults_little_squares_2,
          nicolae_vaults_quartermaster, vaults_mumra_hex, vaults_room_corners,
          layout_vaults_omnigrid, serial_shops, shop, uniq_donald
Vaults:2: v_alt_pattern_6, ontoclasm_vaults_ring_large, v_misc_4,
          grunt_vaults_focal, nicolae_vaults_stairing_the_circle,
          nicolae_vaults_specimen_jars, hangedman_vaults_capsules,
          grunt_vaults_diagonal, v_rooms_4, nicolae_vaults_diagonal_hallway_6,
          layout_vaults_ring
Vaults:3: nicolae_vaults_little_squares_5, hangedman_vaults_nails,
          v_alt_pattern_1, nicolae_vaults_disjoint_gnomons,
          hangedman_vaults_nails, v_alt_pattern_3, ontoclasm_vaults_hangar,
          nicolae_vaults_gold_heap, grunt_vaults_trifunnel,
          hangedman_vaults_trim, nicolae_vaults_alarming,
          hangedman_vaults_corner_blocks, layout_vaults_big_room
Vaults:4: vaults_mumra_minichess, v_misc_3, ontoclasm_vaults_shuriken,
          vaults_room_door_ring, ontoclasm_vaults_ring_small,
          hangedman_vaults_nodes, vaults_dpeg_ring, nicolae_vaults_big_ls,
          nicolae_vaults_triangles, serial_ice_b,
          nicolae_vaults_mini_display_case, ontoclasm_vaults_idyll, st_lattice,
          layout_vaults_maze_bifur, portal_desolation_entry_holy_temple,
          serial_shops, bzr_entry_safe
Vaults:5: serial_shops
Crypt:1:  layout_gridlike
Crypt:2:  layout_catacombs
Crypt:3:  cryptofortress_bobbens
Tomb:1
Tomb:2:   uniq_frederick
Tomb:3:   uniq_sojobo
Depths:1: layout_basic, grunt_pan_entry_spiral, serial_sigils_hangedman_gnaw,
          hell_entry, minivault_14, brannock_guarded_unrand_thermic_engine
Depths:2: hangedman_cross_stitches, layout_honeycomb, serial_shops,
          shop_scrolls, grunt_hell_entry_dis_mu, item_on_display_a,
          infiniplex_staircase_trident
Depths:3: minmay_tearing_corner, layout_cave_pools, pan_entry,
          small_statue_intersection, pf_vacation_house_of_asmodeus,
          infiniplex_staircase_pool_1
Depths:4: grunt_twist_and_shout, layout_cave_pools, hell_entry, abyss_entry,
          enter_trove_5, chequers_serial_rivers_small_3
Depths:5: grunt_zot_entry_bicorn, layout_small_grid, enter_ziggurat_f,
          rand_demon_pan_entry_1, hangedman_coc_ice_floe,
          chequers_serial_rivers_room_b, minmay_shop_grove, uniq_xtahua
Hell
Dis:1:    layout_jigsaw
Dis:2:    layout_regular_city
Dis:3:    layout_overlapping_boxes
Dis:4:    layout_subdivisions
Dis:5:    layout_chaotic_city
Dis:6:    lemuel_mystery_crypt, layout_regular_city
Dis:7:    dis_hangedman
Geh:1:    layout_gehenna_lava_caves
Geh:2:    layout_gehenna_lava_caves
Geh:3:    layout_gehenna_lava_caves
Geh:4:    layout_gehenna_pools_box, evilmike_ambush
          [evilmike_ambush_outer_corners, evilmike_ambush_inner_basic]
Geh:5:    layout_gehenna_pools_triple
Geh:6:    layout_gehenna_pools_box
Geh:7:    geh_mu
Coc:1:    layout_ice_bergs
Coc:2:    layout_ice_bergs
Coc:3:    layout_cocytus_water_paths
Coc:4:    layout_ice_bergs
Coc:5:    layout_cocytus_water_paths
Coc:6:    layout_cocytus_water_paths
Coc:7:    coc_old
Tar:1:    layout_honeycomb, nicolae_tar_cuneiform_not, nicolae_tar_cuneiform_oil
Tar:2:    layout_catacombs
Tar:3:    layout_grid_maze
Tar:4:    layout_honeycomb, hangedman_feature_mirror, nicolae_tar_cuneiform_not
Tar:5:    layout_grid_maze
Tar:6:    layout_grid_maze
Tar:7:    tar_grunt_cathedral
Zot:1:    kennysheep_room_grid, layout_onion
Zot:2:    layout_misc_corridors
Zot:3:    layout_gridville
Zot:4:    layout_misc_corridors
Zot:5:    layout_basic, st_stairs_4

Skill      XL: |  1  2  3  4  5  6  7  8  9 10 11 12 13 14 15 16 17 18 19 20 21 22 23 24 25 26 27 |
---------------+----------------------------------------------------------------------------------+-----
Fighting       | 3 4 5 6 7 10 11 12 13 14 16 19 20 25 | 25.0
Short Blades   | 3 4 |  4.0
Throwing       | 3 4 7 11 13 14 15 16 18 19 20 | 20.0
Armour         | 2 4 8 10 12 13 15 17 18 20 26 | 26.5
Evocations     | 2 3 4 6 8 9 10 12 14 16 | 16.0
Long Blades    | 1 6 10 12 15 17 19 20 21 22 23 24 | 24.0
Invocations    | 1 3 4 6 7 8 |  8.0
Dodging        | 3 6 8 10 11 13 14 15 16 17 18 26 | 26.1
Translocations | 6 9 11 12 | 12.0
Spellcasting   | 5 7 8 10 | 10.0
Hexes          | 4 10 | 10.0
Summonings     | 3 8 10 | 10.0
Air Magic      | 2 7 10 14 | 14.0
Stealth        | 19 | 19.0

Action                   |  1- 3 |  4- 6 |  7- 9 | 10-12 | 13-15 | 16-18 | 19-21 | 22-24 | 25-27 || total
-------------------------+-------+-------+-------+-------+-------+-------+-------+-------+-------++-------
Melee: Dagger            |   110 |   132 |   136 |   246 |       |       |       |       |       ||   624
       Long sword        |       |       |   179 |    35 |       |       |       |       |       ||   214
       Great sword       |       |       |       |    65 |   491 |   782 |       |       |   367 ||  1705
       Scimitar          |       |       |       |   135 |   500 |       |       |       |       ||   635
       Triple sword      |       |       |       |       |       |    93 |   949 |   968 |  3032 ||  5042
Throw: Dart              |    19 |    47 |    62 |    96 |    50 |    50 |     7 |    12 |    18 ||   361
       Boomerang         |       |       |    13 |    53 |   105 |   188 |   148 |   224 |   472 ||  1203
       Javelin           |       |       |     3 |    26 |     6 |    80 |    90 |    30 |   318 ||   553
       Throwing net      |       |       |       |       |       |       |       |     7 |     4 ||    11
 Cast: Lesser Beckoning  |       |       |       |       |       |       |       |    22 |   140 ||   162
       Blink             |       |       |       |       |       |       |       |       |    13 ||    13
       Summon Lightning  |       |       |       |       |       |       |       |       |     1 ||     1
       Passage of Golubr |       |       |       |       |       |       |       |       |    77 ||    77
       Apportation       |       |       |       |       |       |       |       |       |    20 ||    20
       Silence           |       |       |       |       |       |       |       |       |    13 ||    13
       Portal Projectile |       |       |       |       |       |       |       |       |     5 ||     5
       Swiftness         |       |       |       |       |       |       |       |       |     2 ||     2
Invok: Minor Destruction |       |       |       |     1 |     2 |       |       |       |     1 ||     4
       Lesser Servant of |       |       |       |       |     4 |     7 |       |     1 |     5 ||    17
 Abil: Hop               |       |     1 |     3 |     7 |    11 |     7 |     4 |     3 |    32 ||    68
       Evoke Invisibilit |       |       |       |       |       |     8 |     3 |       |     4 ||    15
       Cancel Portal Pro |       |       |       |       |       |       |       |       |     1 ||     1
Evoke: Wand              |       |       |    35 |    20 |    55 |    29 |     3 |     7 |    42 ||   191
       Box of beasts     |       |       |       |       |     5 |     4 |       |       |    14 ||    23
       Tin of tremorston |       |       |       |       |     2 |     5 |     2 |     3 |     9 ||    21
       Condenser vane    |       |       |       |       |       |       |     1 |     6 |     5 ||    12
       Lightning rod     |       |       |       |       |       |       |       |     2 |       ||     2
  Use: Scroll            |     4 |     2 |     7 |     4 |    20 |     9 |    10 |    20 |    58 ||   134
       Potion            |       |       |     2 |     2 |     6 |    13 |     2 |     5 |    31 ||    61
 Stab: Sleeping          |     3 |     1 |     4 |     4 |     1 |     1 |     1 |     5 |    11 ||    31
       Distracted        |       |       |       |     1 |     1 |       |     3 |     1 |     6 ||    12
       Paralysed         |       |       |       |       |    12 |     5 |     1 |       |     4 ||    22
       Petrified         |       |       |       |       |     3 |       |       |       |       ||     3
       Invisible         |       |       |       |       |     1 |    28 |    23 |       |    42 ||    94
       Held in net/web   |       |       |       |       |       |     1 |       |     2 |     2 ||     5
Armor: Robe              |    24 |     9 |       |       |       |       |       |       |       ||    33
       Chain mail        |       |    27 |       |       |   255 |       |       |       |       ||   282
       Ring mail         |       |    19 |   148 |   138 |    55 |       |       |       |       ||   360
       Plate armour      |       |       |       |       |    56 |   526 |       |       |       ||   582
       Acid dragon scale |       |       |       |       |       |    52 |       |       |       ||    52
       Pearl dragon scal |       |       |       |       |       |    17 |    15 |   255 |  1508 ||  1795
       Skin              |       |       |       |       |       |     6 |       |       |    58 ||    64
       Troll leather arm |       |       |       |       |       |       |   138 |    14 |       ||   152
Dodge: Dodged            |    62 |    61 |   175 |   315 |   633 |   703 |   560 |   589 |  4989 ||  8087
Block: Other             |       |       |       |       |       |   166 |   138 |   146 |   280 ||   730
       Reflection        |       |       |       |       |       |     1 |     5 |    14 |    14 ||    34
       Rpst.: Long sword |       |       |    30 |    13 |       |       |       |       |       ||    43
       Great sword       |       |       |       |    13 |    57 |   107 |       |       |   123 ||   300
       Scimitar          |       |       |       |    27 |    74 |       |       |       |       ||   101
       Triple sword      |       |       |       |       |       |    20 |   111 |   134 |   871 ||  1136

Table legend: (Time is in decaauts)
 A = Elapsed time spent in this place.
 B = Non-inter-level travel time spent in this place.
 C = Inter-level travel time spent in this place.
 D = Time resting spent in this place.
 E = Time spent auto-exploring this place.
 F = Levels seen in this place.
 G = Mean time per level.
                   A        B        C        D        E       F      G
               +--------+--------+--------+--------+--------+-----+--------+
         Total |  35845 |  33735 |   2110 |     33 |      0 | 124 |  289.1 |
       Dungeon |   7445 |   6700 |    745 |      0 |      0 |  15 |  496.3 |
          Lair |   2945 |   2626 |    319 |      0 |      0 |   6 |  490.8 |
        Shoals |   1384 |   1223 |    161 |      0 |      0 |   4 |  346.0 |
   Spider Nest |   1487 |   1425 |     62 |      0 |      0 |   4 |  371.8 |
    Slime Pits |    870 |    836 |     34 |      0 |      0 |   5 |  174.0 |
  Orcish Mines |   1489 |   1182 |    307 |      4 |      0 |   2 |  744.5 |
   Elven Halls |   1326 |   1226 |    100 |      0 |      0 |   3 |  442.0 |
        Vaults |   4325 |   4082 |    243 |     16 |      0 |   5 |  865.0 |
         Crypt |    849 |    811 |     38 |      3 |      0 |   3 |  283.0 |
          Tomb |   1022 |   1022 |      0 |     10 |      0 |   3 |  340.7 |
        Depths |   2427 |   2331 |     96 |      0 |      0 |   5 |  485.4 |
          Hell |    350 |    350 |      0 |      0 |      0 |   1 |  350.0 |
           Dis |    917 |    917 |      0 |      0 |      0 |   7 |  131.0 |
       Gehenna |    708 |    708 |      0 |      0 |      0 |   7 |  101.1 |
       Cocytus |    778 |    778 |      0 |      0 |      0 |   7 |  111.1 |
      Tartarus |    857 |    857 |      0 |      0 |      0 |   7 |  122.4 |
           Zot |    914 |    914 |      0 |      0 |      0 |   5 |  182.8 |
         Abyss |    500 |    500 |      0 |      0 |      0 |   4 |  125.0 |
   Pandemonium |   3661 |   3661 |      0 |      0 |      0 |  25 |  146.4 |
        Bazaar |     78 |     78 |      0 |      0 |      0 |   1 |   78.0 |
         Sewer |    113 |    113 |      0 |      0 |      0 |   1 |  113.0 |
       Ossuary |    227 |    227 |      0 |      0 |      0 |   1 |  227.0 |
      Ice Cave |    320 |    320 |      0 |      0 |      0 |   1 |  320.0 |
       Volcano |    225 |    225 |      0 |      0 |      0 |   1 |  225.0 |
    Desolation |    616 |    616 |      0 |      0 |      0 |   1 |  616.0 |
               +--------+--------+--------+--------+--------+-----+--------+

Top non-repeatable levels by time:
Vaults:5: 1102 daAuts
   Orc:2: 1012 daAuts
  Lair:6: 982 daAuts
Vaults:2: 863 daAuts
Vaults:3: 847 daAuts
    D:13: 838 daAuts
    D:12: 832 daAuts
    D:15: 818 daAuts
  Lair:5: 813 daAuts
Depths:2: 778 daAuts
Vaults:4: 764 daAuts
Vaults:1: 746 daAuts
Spider:4: 692 daAuts
Shoals:4: 689 daAuts
    D:11: 668 daAuts
